 Dungeon Crawl Stone Soup version 0.29.0-11-gd7f09526c8 (webtiles) character file.

Game seed: 75320466524122332

7 gelatine the Stinger (level 1, -1/13 HPs)
             Began as a Demonspawn Venom Mage on Sept 3, 2022.
             Slain by a quokka (4 damage)
             ... on level 1 of the Dungeon.
             The game lasted 00:00:25 (154 turns).

gelatine the Stinger (Demonspawn Venom Mage)         Turns: 154, Time: 00:00:26

Health: -1/13      AC:  2    Str:  8    XL:     1   Next: 91%
Magic:  0/3        EV: 12    Int: 16    God:
Gold:   27         SH:  0    Dex: 13    Spells: 3/4 levels left

rFire   . . .      SeeInvis .   (no weapon)
rCold   . . .      Faith    .   (no shield)
rNeg    . . .      Spirit   .   a - +0 robe
rPois   .          Reflect  .   (no helmet)
rElec   .          Harm     .   (no cloak)
rCorr   .          Rampage  .   (no gloves)
Will    .....                   (no boots)
Stlth   ++........              (no amulet)
HPRegen 0.04/turn               (no ring)
MPRegen 0.08/turn               (no ring)

@: no status effects
A: no striking features
a: no special abilities


You were on level 1 of the Dungeon.
You visited 1 branch of the dungeon, and saw 1 of its levels.

You collected 27 gold pieces.

Inventory:

Armour
 a - a +0 robe (worn)
Potions
 b - a potion of magic
 c - a potion of degeneration {unknown}


   Skills:
 + Level 1.9 Dodging
 + Level 1.8 Stealth
 + Level 2.1 Spellcasting
 + Level 0.9 Transmutations
 + Level 3.2 Poison Magic


You had 3 spell levels left.
You knew the following spells:

 Your Spells              Type           Power      Damage    Failure   Level
a - Sting                 Tmut/Pois      32%        1d4       9%          1

Your spell library contained the following spells:

 Spells                   Type           Power      Damage    Failure   Level
 Poisonous Vapours        Pois/Air       12%        N/A       16%         2
 Mephitic Cloud           Conj/Pois/Air  5%         N/A       36%         3
 Olgreb's Toxic Radiance  Pois           12%        N/A       47%         4


Dungeon Overview and Level Annotations

Branches:
Dungeon (1/15)

Altars:


Message History

The dart slug is severely wounded.
You kill the dart slug!
The bat misses you. The bat misses you. The bat closely misses you.
The quokka attacks as you move away! The quokka bites you. The bat misses you.
The bat hits you but does no damage. The bat attacks as you move away!
The bat barely misses you. x2
The bat hits you but does no damage. The quokka attacks as you move away!
The quokka closely misses you. The quokka attacks as you move away!
The quokka closely misses you.
The quokka bites you but does no damage.
The sting misses the quokka.
The sting misses the bat.
The sting hits the hobgoblin but does no damage.
The hobgoblin is poisoned.
The quokka barely misses you.
The sting misses the quokka.
The sting hits the bat.
The bat is poisoned.
You kill the bat!
The quokka bites you.
You are out of magic!
Unknown command.
You hit the quokka.
The quokka is lightly wounded.
The quokka bites you.
You barely miss the quokka.
The quokka is lightly wounded.
The quokka barely misses you. The quokka bites you.
You closely miss the quokka.
The quokka is lightly wounded.
The quokka barely misses you.
You barely miss the quokka.
The quokka is lightly wounded.
The quokka bites you but does no damage.
You closely miss the quokka.
The quokka is lightly wounded.
The quokka bites you.
* * * LOW HITPOINT WARNING * * *
You closely miss the quokka.
The quokka is lightly wounded.
The hobgoblin looks more healthy.
The quokka bites you.
You die...

#...###..## #.#P
#### #.### ##.#
#.## ##..###.# #.#
..+.
##8..8#†.######.#
..##
#................
..#P
###..>.......####.#
..#P
#..#8..8##.#.####.#
..#P
#..##..###.#...#
#.## #....###
#.@##... #...
#.)..## ##r# ###
#### #.....# #g#
#.....#####.#
#.........#.#
#########.#.# ##
#.#.### .. #.....##
.# ###.#..##..#.#


You could see a quokka and a hobgoblin.

Vanquished Creatures
  A dart slug (D:1)
  2 bats (D:1)
  A goblin (D:1)
  A jackal (D:1)
5 creatures vanquished.

Notes
Turn   | Place    | Note
-------+----------+-------------------------------------------
     0 | D:1      | gelatine the Demonspawn Venom Mage began the quest for the
                  | Orb.
     0 | D:1      | Reached XP level 1. HP: 13/13 MP: 3/3
   154 | D:1      | Slain by a quokka

Illustrated notes

Levels and vault maps discovered:
D:1:      beargit_arrival_greenhouse, layout_rooms, st_stairs_6

Action                   || total
-------------------------++-------
Melee: Unarmed           ||     6
 Cast: Sting             ||     8
Armor: Robe              ||     4
Dodge: Dodged            ||    11
